[Event "2nd Serbia Open Masters 2022"]
[Site "Novi Sad"]
[Date "2022.06.30"]
[Round "3.35"]
[White "Jain Kashish Manoj"]
[Black "Nitish Belurkar"]
[Result "1/2-1/2"]
[ECO "C18"]
[WhiteElo "2271"]
[BlackElo "2452"]
[Annotator "TA"]
[PlyCount "104"]
[EventDate "2022.06.28"]
[EventType "swiss"]
[EventCountry "SRB"]
[SourceTitle "playchess.com"]
[Source "ChessBase"]
[SourceQuality "1"]
[TimeControl "40/5400+30:900+30"]

1. e4 e6 2. d4 d5 3. Nc3 Bb4 4. e5 c5 5. a3 Bxc3+ 6. bxc3 Ne7 7. Qg4 Qc7 8. Qxg7 Rg8 9. Qxh7 cxd4 10. Qd3 {[%emt 0:00:05] C18: French: 3 Nc3 Bb4: Main line: 7 h4 and 7 Qg4.} (10. Ne2 $5 ) 10... Qxe5+ 11. Ne2 $1 (11. Qe2 Qc7 12. Qd3 Qxc3+ 13. Qxc3 dxc3 $15) 11... dxc3 12. Qxc3 $1 {[%emt 0:00:07] 12.Qxc3 scores better than 12.Bf4.} Qxc3+ 13. Nxc3 Nbc6 14. h4 Nd4 {[%emt 0:01:14] [#]} 15. Rb1 $146 {[%emt 0:00:37] The position is equal.} ({Predecessor:} 15. Bd3 f6 16. h5 Kf7 17. h6 e5 18. Be3 Ndf5 19. Bc5 b6 20. Bxe7 Nxe7 21. a4 {½-½ (32) Pappier,C (2488)-Tauber,H (2501) ICCF email 2020}) 15... f6 16. Ne2 Ndc6 ({Don't play} 16... Nxc2+ 17. Kd1 $16) 17. h5 b6 18. Ng3 Kf7 19. h6 e5 20. Be2 Nf5 21. Bh5+ Ke7 22. Ne2 Be6 23. g4 Nfd4 24. Nxd4 Nxd4 25. c3 $132 {[%emt 0:05:53][%mdl 2048] White is not keeping still} Nf3+ 26. Ke2 e4 27. Be3 Rac8 28. g5 ({But not} 28. h7 Rh8 29. g5 Nxg5 $17) 28... Nxg5 29. Kd2 $1 Rh8 30. Be2 Rcg8 31. a4 Rg6 32. a5 Rgxh6 33. Rxh6 (33. Rhg1 {with more complications.} R6h7 34. axb6 axb6 35. Rxb6 Ra8 36. Rb2) 33... Rxh6 34. axb6 axb6 35. Rxb6 Kf7 36. c4 dxc4 37. Bxg5 fxg5 38. Bxc4 Ke7 39. Bxe6 Rxe6 40. Rxe6+ Kxe6 $11 {[%emt 0:00:00][%mdl 4096] Endgame KPP-KP} 41. Ke3 Kf5 42. f3 exf3 43. Kxf3 {[%emt 0:00:01][%cal Be3f3,Bf3g3,Bg3g2,Bg2f2][%mdl 32] KP-K} g4+ 44. Kg3 Kg5 45. Kg2 Kf4 46. Kf2 g3+ 47. Kg2 Kg4 48. Kg1 Kh4 (48... Kf4 $5) 49. Kg2 Kg4 50. Kg1 Kh3 {[%emt 0:00:01] [#] ( -> ...g2)} 51. Kh1 g2+ 52. Kg1 Kg3 {[%emt 0:00:03] An even fight not without its subleties.  Weighted Error Value: White=0.03 (flawless) /Black=0.02 (flawless)} 1/2-1/2

[Event "2nd Serbia Open Masters 2022"]
[Site "Novi Sad"]
[Date "2022.06.30"]
[Round "3.36"]
[White "Arpita, Mukherjee"]
[Black "Milikow, Yoav"]
[Result "0-1"]
[ECO "C60"]
[WhiteElo "2275"]
[BlackElo "2410"]
[Annotator "TA"]
[PlyCount "96"]
[EventDate "2022.06.28"]
[EventType "swiss"]
[EventCountry "SRB"]
[SourceTitle "playchess.com"]
[Source "ChessBase"]
[SourceQuality "1"]
[TimeControl "40/5400+30:900+30"]

1. e4 e5 2. Nf3 Nc6 3. Bb5 a6 4. Ba4 Nge7 5. c3 g6 6. O-O Bg7 7. d4 exd4 8. cxd4 b5 {[%emt 0:00:21] C60: Ruy Lopez: Unusual Black 3rd moves and 3...g6.} 9. Bb3 O-O 10. Nc3 {[%emt 0:03:09] Against d5} Na5 {[%emt 0:00:43] The position is equal.} 11. Bc2 d6 12. h3 c5 13. Bg5 h6 14. Bh4 {[%emt 0:00:40] And now dxc5 would win.} cxd4 15. Nxd4 Bb7 16. Nd5 Bxd5 ({But not} 16... g5 17. Nxe7+ Qxe7 18. Nf5 $16) 17. exd5 Qd7 {[%emt 0:01:54] [#]} 18. a4 $146 ({Predecessor:} 18. Bxe7 Qxe7 19. Nc6 Nxc6 20. dxc6 Bxb2 21. Rb1 Bf6 22. Re1 Qc7 23. Qd5 Rac8 24. Be4 {½-½ (40) Kudelya,I (2239)-Rjabzev,K (2290) Voronezh 2013}) 18... b4 19. Qd2 Rac8 {[%emt 0:06:26] Hoping for ...Bxd4.} (19... Nc4 $5 20. Qe2 (20. Qxb4 Rfc8 $17) 20... Bxd4 21. Qxc4 Bxb2 $17) 20. Bxe7 Qxe7 21. Nc6 Nxc6 22. dxc6 Rxc6 (22... Bxb2 {is interesting.} 23. Rae1 Be5 24. Bb3 Rxc6 25. Qxh6 Qf6) 23. Bb3 a5 24. Rac1 Rc5 25. Rcd1 Rd8 26. Rfe1 {[%emt 0:06:47] Prevents Qe5.} Qf6 {[%emt 0:02:10] Black is more active.} 27. Qe3 Rf8 (27... Rdc8 $5 28. Qe7 Qxe7 29. Rxe7 Rc1 30. Rxc1 (30. Bxf7+ $2 Kf8 $19) 30... Rxc1+ 31. Kh2 Bxb2 32. Rxf7 Ra1 $15) 28. Re2 Re5 29. Qd3 Rfe8 30. Rxe5 Rxe5 31. Qc4 h5 32. Kf1 Rf5 33. Qe2 Re5 34. Qc4 Qe7 35. Qd3 Kh7 36. Bd5 Rf5 37. b3 Qh4 $40 {[%emt 0:02:01][%csl Gf5][%cal Rh4f2][%mdl 128] Black attacks with force.} 38. Bf3 Qf4 (38... d5 $17 39. Kg1 Bc3) 39. Kg1 {[%emt 0:00:24] [#]} ({Better is} 39. Qxd6 $15 Re5 40. Rd5) 39... Be5 $1 $17 40. Qe4 Qh2+ 41. Kf1 Bc3 {[%emt 0:01:35] White must now prevent ...Re5.} 42. Qb7 $2 {[%emt 0:03:41][%mdl 8192] This move loses the game for White.} (42. Qh4 $17 {is a better chance.}) 42... Kg7 $19 43. Qd7 (43. Qa6 $142) 43... Qh1+ 44. Ke2 Re5+ 45. Kd3 {[%emt 0:00:05] [#]} Rd5+ $3 46. Kc2 (46. Kc4 Rxd1) 46... Rxd1 47. Bxd1 Qe1 {[%emt 0:00:17] ( -> ...Qd2+)} 48. Qxd6 Qxf2+ {[%emt 0:00:07] Weighted Error Value: White=0.68/Black=0.10 (very precise)} 0-1

[Event "2nd Serbia Open Masters 2022"]
[Site "Novi Sad"]
[Date "2022.06.30"]
[Round "3.37"]
[White "Nareks, Matic"]
[Black "Srbis, Jurica"]
[Result "1/2-1/2"]
[ECO "C54"]
[WhiteElo "2221"]
[BlackElo "2451"]
[Annotator "TA"]
[PlyCount "82"]
[EventDate "2022.06.28"]
[EventType "swiss"]
[EventCountry "SRB"]
[SourceTitle "playchess.com"]
[Source "ChessBase"]
[SourceQuality "1"]
[TimeControl "40/5400+30:900+30"]

1. e4 e5 2. Nf3 Nc6 3. Bc4 Bc5 4. O-O Nf6 5. d3 d6 6. c3 a5 7. a4 O-O 8. h3 {[%emt 0:03:01] C54: Giuoco Piano: 4 c3 Nf6, main lines with 5 d4 and 5 d3.} h6 9. Nbd2 Ba7 10. Re1 Ne7 11. Nf1 Ng6 12. Ng3 c6 13. Bb3 d5 14. exd5 Nxd5 15. d4 exd4 16. Nxd4 {[%emt 0:00:46] [#]} Re8 $146 ({Predecessor:} 16... Be6 17. Bc2 Bd7 18. Ndf5 Bxf5 19. Nxf5 Qf6 20. Qf3 Rae8 21. Bd2 Ne5 22. Qe4 g6 23. Nxh6+ {0-1 (35) Anand,V (2751)-Karjakin,S (2743) Baku 2021}) 17. Rxe8+ Qxe8 18. Bxd5 cxd5 19. Be3 Bb8 {[%emt 0:00:00] [#] Threatens to win with ...Bxg3.} 20. Ndf5 Bxf5 21. Nxf5 Qe5 22. Ng3 {[%emt 0:00:52] Active counter play!} Qe6 {[%emt 0:00:00] ...Bxg3 is the strong threat.} 23. Nf1 Ne5 24. Nd2 (24. Qb3 $14) 24... Bc7 25. Qb3 Qc6 26. Bd4 Re8 27. Bxe5 Rxe5 28. Nf3 Re4 29. Nd4 Qd6 {[%emt 0:00:00] [#] ( -> ...Qh2+)} 30. g3 Bb6 31. Rd1 h5 32. h4 g6 33. Kg2 Qc5 34. Rd2 Re8 35. Nf3 Rd8 36. Nd4 Re8 37. Nf3 Rd8 38. Nd4 Kg7 39. Nf3 Rd6 40. Nd4 Rd8 41. Nf3 Rd6 {[%emt 0:06:33] Weighted Error Value: White=0.07 (flawless) /Black=0.04 (flawless)} 1/2-1/2

[Event "2nd Serbia Open Masters 2022"]
[Site "Novi Sad"]
[Date "2022.06.30"]
[Round "3.38"]
[White "Sturt, Raven"]
[Black "Palczert, Matyas"]
[Result "1-0"]
[ECO "D39"]
[WhiteElo "2438"]
[BlackElo "2353"]
[Annotator "TA"]
[PlyCount "120"]
[EventDate "2022.06.28"]
[EventType "swiss"]
[EventCountry "SRB"]
[SourceTitle "playchess.com"]
[Source "ChessBase"]
[SourceQuality "1"]
[TimeControl "40/5400+30:900+30"]

1. d4 Nf6 2. c4 e6 3. Nf3 d5 4. Nc3 dxc4 5. e4 Bb4 6. Bg5 c5 7. Bxc4 cxd4 8. Nxd4 Bxc3+ 9. bxc3 Qa5 10. Bb5+ Nbd7 11. Bxf6 Qxc3+ 12. Kf1 gxf6 13. h4 a6 14. Rh3 {[%emt 0:00:29][%mdl 1024] White has compensation. D39: Queen's Gambit Declined: Ragozin Defence with 5 Bg5 dxc4.} Qb4 {[%emt 0:01:14] 14...Qa5 is not played anymore.} 15. Be2 Qd6 (15... e5 16. Nf5 Nc5 17. Rb1 $16) 16. Rc1 {[%emt 0:08:21] White is slightly better.} Ne5 {[%emt 0:07:09] Inhibits Rd3.} 17. Rb3 {[%emt 0:08:34] [#]} Nc6 $146 (17... b5 $11 {keeps the balance.}) ({Predecessor:} 17... b5 18. Qd2 Bb7 19. Rd1 Bxe4 20. Qf4 Bd5 21. Qxf6 Ng6 22. Rg3 Kd7 23. Nf5 exf5 24. Qxf5+ Qe6 25. Rxd5+ Kc7 26. Rc3+ Kb8 27. Rxb5+ {1-0 (27) Borovikov,V (2599)-Drozdovskij,Y (2625) Konya 2010}) 18. Rd3 $1 $16 {[%emt 0:05:56][%cal Bb3d3,Bd3d4,Bd4c4][%mdl 32] Nxc6 is the strong threat.} (18. Nxc6 Qxd1+ 19. Rxd1 (19. Bxd1 bxc6 20. Be2 Ke7 $14) 19... bxc6 $14) 18... Nxd4 19. Rxd4 Qe7 (19... Qh2 $16 20. Bh5 Qh1+ 21. Ke2 Qxd1+ 22. Rcxd1 (22. Rdxd1 e5 $11) 22... O-O) 20. Qd2 (20. Rc3 $18) 20... e5 21. Rdc4 Be6 22. Rc7 Qd8 23. Qh6 {[%emt 0:04:09] White is much more active. The black rooks are badly placed.} Rc8 24. Rxc8 $40 {[%emt 0:00:18][%mdl 128] White mounts an attack.} Bxc8 25. Bc4 Ke7 (25... Be6 $2 26. Bxe6 fxe6 27. Qg7 $18) 26. Bd5 Be6 27. Bxe6 Kxe6 $14 {[%emt 0:00:26][%mdl 4096] Endgame KQR-KQR} (27... Qd3+ $1 $14 28. Kg1 Kxe6) 28. Qe3 $18 {[%emt 0:00:28] And now Qb3+ would win.} Qd7 29. Qb6+ Qd6 30. Qb3+ (30. Qxb7 $6 Rb8 31. Qc6 Ke7 $14) 30... Ke7 31. Qxb7+ Kf8 32. Qc8+ (32. Qc6 $142 Qd8 33. Qxa6) 32... Kg7 $16 33. Qg4+ Kh6 34. Rd1 (34. Kg1 $16) 34... Qc6 ({Black should try} 34... Qb6 $14) 35. Kg1 Rb8 36. Rd3 $1 Qc1+ {[%emt 0:00:43] [#]} 37. Kh2 $1 {[%emt 0:00:13] Rf3 would kill now.} (37. Rd1 $6 Qc5 $14) 37... Qf4+ (37... Rb1 38. Rf3 Qc6 39. Rf5) 38. Qxf4+ exf4 {[%emt 0:00:01] KR-KR} 39. Rd6 Rb2 40. Rxf6+ ({Don't take} 40. Rxa6 $6 Rxf2 41. Kg1 (41. Rxf6+ Kg7 $14) 41... Re2 $14) 40... Kg7 41. Rxf4 ({Resist} 41. Rxa6 $6 Rxf2 42. Kh3 Re2 $16) 41... Rxa2 42. g4 (42. Rf5 $142) 42... a5 ({Better is} 42... Ra5) 43. g5 ({White should play} 43. Kg3) 43... a4 44. Kg2 Re2 $1 45. Kf3 Re1 {[%emt 0:02:27] Strongly threatening ...a3.} 46. Rf6 {[%emt 0:03:22] Threatens to win with h5.} h5 $2 {[%emt 0:03:07][%mdl 8192] Loses the game.} (46... Rh1 $14) 47. Ra6 $18 Rh1 {[%emt 0:04:28] [#]} 48. Kg3 $1 Rg1+ 49. Kf4 Rg4+ 50. Kf5 Rxh4 51. Rxa4 {[%emt 0:00:01] White threatens f4 and mate.} Rh1 52. Ra7 {[%emt 0:00:17] White wants to mate with g6.} Kg8 53. f4 (53. e5 $142 Rf1 54. f4) 53... Rh4 54. e5 {[%emt 0:00:25] White mates.} Rg4 55. Ra4 Kg7 56. e6 fxe6+ 57. Kxe6 h4 58. Kf5 Rg1 59. Ra7+ Kg8 60. Kg6 Rh1 {[%emt 0:01:03] Weighted Error Value: White=0.11 (very precise) /Black=0.31} 1-0

[Event "2nd Serbia Open Masters 2022"]
[Site "Novi Sad"]
[Date "2022.06.30"]
[Round "3.39"]
[White "Andreev, Konstantin"]
[Black "Badelka, Olga"]
[Result "1/2-1/2"]
[ECO "C54"]
[WhiteElo "2238"]
[BlackElo "2453"]
[Annotator "TA"]
[PlyCount "120"]
[EventDate "2022.06.28"]
[EventType "swiss"]
[EventCountry "SRB"]
[SourceTitle "playchess.com"]
[Source "ChessBase"]
[SourceQuality "1"]
[TimeControl "40/5400+30:900+30"]

1. e4 e5 2. Nf3 Nc6 3. Bc4 Bc5 4. d3 Nf6 5. h3 d6 6. c3 Bb6 7. Bb3 {[%emt 0:00:13] C54: Giuoco Piano: 4 c3 Nf6, main lines with 5 d4 and 5 d3.} h6 8. Nbd2 Ne7 9. Nf1 {[%emt 0:02:30] White has an edge.} Ng6 10. Ng3 O-O 11. O-O d5 12. exd5 Nxd5 13. Re1 c6 14. Bc2 {[%emt 0:04:19] [#]} f5 $146 ({Predecessor:} 14... Bc7 15. d4 exd4 16. Nxd4 a6 17. Qf3 Nf6 18. Be3 Ne5 19. Qe2 Nd5 20. Rad1 Bd7 {1-0 (77) Edithso,S (1879)-Shvedova,A (1782) Santiago de Compostela 2018}) 15. Bd2 Qd6 16. Qe2 Bc7 17. Rad1 Bd7 18. c4 Ndf4 19. Bxf4 exf4 20. Nf1 Ba5 {[%emt 0:07:25] Strongly threatening ...Rfe8.} 21. N1d2 Rae8 22. Qf1 Rxe1 $1 23. Qxe1 c5 {[%emt 0:01:46] Against d4} (23... Re8 $5 24. Qf1 Bxd2 25. Rxd2 Ne5 $15) 24. Qf1 (24. d4 $5) 24... Bxd2 25. Nxd2 (25. Rxd2 $15 Bc6 26. Qd1) 25... Bc6 $17 26. b4 (26. f3 $142) 26... Qd4 $2 (26... cxb4 $17 {And now ...Re8 would win.} 27. Nb3 f3) 27. Nb3 (27. b5 $14 Bd7 28. Nf3) 27... Qc3 28. b5 Bxb5 ({Much worse is} 28... Qxc2 $6 29. bxc6 bxc6 30. Rd2 $11) 29. Rc1 Ba4 30. d4 $1 {[%emt 0:08:54][%cal Oc2f5] Black must now prevent Bxf5!} Bxb3 (30... cxd4 $2 31. Bxf5 $1 Rxf5 32. Rxc3 dxc3 33. Qd3 $16) 31. Bxf5 {[%emt 0:00:08][%cal Bc2f5,Bf5e6,Be6d5,Bd5e4][%mdl 32] [#]} Qxd4 $1 32. Be6+ Kh8 33. axb3 f3 (33... b6 $17) 34. g3 $1 $11 b6 35. Bd5 Ne7 36. Rd1 Qf6 37. Be4 Nf5 38. Bb1 Nd4 $36 {[%emt 0:00:49][%mdl 2048] White is under pressure.} 39. Qd3 g6 $1 40. Qxg6 Qxg6 41. Bxg6 Nxb3 $15 {[%emt 0:09:21][%mdl 4096] Endgame KRB-KRN} (41... Kg7 $17 42. Be4 Re8) 42. Rd7 Rf6 43. Be4 a5 44. Ra7 {[%emt 0:02:18] [#]} Nd4 (44... Nd2 $1 $17 45. Bd5 Nb3) 45. g4 $1 $11 Re6 46. Bd5 Re2 47. h4 Re8 48. Kh2 Rf8 $1 49. Rb7 Rf6 (49... Rf4 $11) 50. Kh3 $1 $14 a4 51. g5 hxg5 (51... Rd6 $16) 52. hxg5 $18 Rd6 53. Ra7 $2 ({White should play} 53. Kg4 $18) 53... b5 $11 {[%emt 0:00:11] The position is equal.} 54. g6 Rxg6 {[%emt 0:00:18] aiming for ...b4.} 55. cxb5 Nxb5 56. Rxa4 Nd4 57. Ra8+ Kg7 58. Rg8+ Kf6 59. Rxg6+ Kxg6 60. Kg4 Kf6 {[%emt 0:00:00] Weighted Error Value: White=0.15 (very precise) /Black=0.20 (precise)} 1/2-1/2

[Event "2nd Serbia Open Masters 2022"]
[Site "Novi Sad"]
[Date "2022.06.30"]
[Round "3.40"]
[White "Samadov, Read"]
[Black "Pasztor, Balazs"]
[Result "1-0"]
[ECO "E07"]
[WhiteElo "2442"]
[BlackElo "2336"]
[Annotator "TA"]
[PlyCount "73"]
[EventDate "2022.06.28"]
[EventType "swiss"]
[EventCountry "SRB"]
[SourceTitle "playchess.com"]
[Source "ChessBase"]
[SourceQuality "1"]
[TimeControl "40/5400+30:900+30"]

1. d4 d5 2. c4 e6 3. Nf3 Nf6 4. g3 Bb4+ 5. Bd2 Be7 6. Bg2 O-O 7. O-O c6 8. Bf4 Nbd7 9. Nc3 {[%emt 0:06:28] 9.Qc2 is not played anymore.} dxc4 {[%emt 0:03:25] 9...Nh5 is not played anymore.} 10. e4 b5 {[%emt 0:10:37] E07: Closed Catalan: Main Line (5 Nf3 0-0 6 0-0 Nbd7).} 11. d5 $1 cxd5 12. exd5 b4 {[%emt 0:16:05] White has an edge.} 13. d6 bxc3 14. dxe7 Qxe7 15. Bd6 {[%emt 0:00:11] A strong pair of Bishops.} Qd8 16. bxc3 ({Don't play} 16. Bxf8 cxb2 17. Rb1 Qxf8 $15) 16... Re8 {[%emt 0:03:32] [#]} 17. Ng5 $146 ({Predecessor:} 17. Nd4 Nd5 18. Nxe6 Rxe6 19. Bxd5 Rxd6 20. Bxf7+ Kxf7 21. Qxd6 Qg5 22. Qc6 Nb6 23. Rab1 {1-0 (46) Tomashevsky,E (2745)-Akobian,V (2622) Tsaghkadzor 2015}) 17... Ba6 {[%emt 0:08:04] [#]} 18. Bxa8 {[%emt 0:05:30] 0x0.001e6b661ebadp-1022s more active pieces.} ({White should play} 18. Qa4 $1 $16 Qb6 19. Bc6 (19. Bxa8 Rxa8 20. Ba3 Bb5 $11)) 18... Qxa8 $15 19. f3 Qc6 {[%emt 0:04:47][%mdl 1024] Black has strong compensation.} 20. Rf2 (20. Bf4 $15) 20... Nd5 21. Ba3 Ne5 (21... h6 $17 22. Ne4 Ne5) 22. f4 $11 Ng6 23. Qd4 Bb7 {[%emt 0:01:59][%cal Od5f4] And now ...Ndxf4! would win.} 24. Nf3 $40 {[%emt 0:01:11][%mdl 128] Black needs to defend precisely.} Nb6 (24... Ba8 $11) 25. Re1 Ne7 26. Bxe7 Rxe7 27. f5 Nd7 {[%emt 0:01:47] Inhibits f6.} 28. h3 e5 29. Qxa7 Nc5 30. Rb1 (30. Rd2 $5 Nd3 31. Kh2 $11) 30... f6 31. Qb6 {[%emt 0:01:19] Threatens to win with Qxc6.} Qd5 {[%emt 0:00:47][%mdl 8192] [#]} (31... Ne4 $11 32. Qxc6 Bxc6) 32. Rb5 $1 $18 Na4 (32... Qd1+ $2 33. Rf1 Qd3 34. Qxc5) 33. Qa5 ({Less strong is} 33. Rxd5 Nxb6 34. Rd8+ Kf7 $18) 33... Qd1+ (33... Nc5 $142 34. Rxc5 Qd1+ 35. Rf1 Qd3) 34. Rf1 Qd3 {[%emt 0:00:00] White must now prevent ...Qe3+.} 35. Rxb7 Qe3+ 36. Kh1 Qe2 37. Qd8+ {[%emt 0:00:05] Never resign too early!  Weighted Error Value: White=0.15 (very precise) /Black=0.81} 1-0

[Event "2nd Serbia Open Masters 2022"]
[Site "Novi Sad"]
[Date "2022.06.30"]
[Round "3.41"]
[White "Gan-Erdene, Sugar"]
[Black "Ram Aravind L N"]
[Result "0-1"]
[ECO "B43"]
[WhiteElo "2419"]
[BlackElo "2116"]
[Annotator "TA"]
[PlyCount "106"]
[EventDate "2022.06.28"]
[EventType "swiss"]
[EventCountry "SRB"]
[SourceTitle "playchess.com"]
[Source "ChessBase"]
[SourceQuality "1"]
[TimeControl "40/5400+30:900+30"]

1. e4 c5 2. Nf3 e6 3. d4 cxd4 4. Nxd4 a6 5. Bd3 Qc7 6. O-O Bc5 7. Nb3 Be7 8. Qe2 d6 9. Nc3 Nf6 10. f4 Nbd7 11. Bd2 b5 {[%emt 0:02:03] B43: Sicilian: Kan Variation: 5 Nc3.} 12. Rae1 Bb7 (12... b4 $5 13. Nd1 Bb7 $11) 13. Kh1 (13. e5 {with more complications.} Nd5 14. exd6 Bxd6 15. f5) 13... b4 {[%emt 0:08:16] The position is equal.} 14. Nd1 (14. Nb1 $5 ) 14... d5 15. e5 Ne4 16. Be3 (16. Nf2 $5 ) 16... g6 {[%emt 0:15:18] [#]} 17. Nf2 $146 ({Predecessor:} 17. Bd4 h5 18. Nf2 Bh4 19. Rc1 Bxf2 20. Bxf2 h4 21. Bd4 a5 22. Nd2 Ndc5 23. Bb5+ {0-1 (35) Nixdorf,A (1874)-Koelsch,M (2098) Gross Groenau 2008}) 17... Ndc5 18. Rc1 O-O 19. Bd4 (19. Ng4 {is more complex.} Rac8 20. Bd4 Kg7 21. Qe3) 19... Nxf2+ 20. Qxf2 Rac8 21. Qg3 Ne4 22. Qe3 Nc5 23. Qh3 Rfd8 $2 (23... Ne4 $11) 24. Qg4 $2 (24. f5 $1 $18 Nxd3 25. cxd3) 24... Ne4 $11 25. Be3 a5 26. Qe2 a4 27. Nd4 Bc5 28. Nf3 a3 29. bxa3 (29. Rb1 $15) 29... bxa3 (29... Nc3 $17 30. Qf2 Bxe3 31. Qxe3 d4) 30. Bd2 ({White should try} 30. Nd4 $1 $15) 30... Qb6 $17 31. Be1 {[%emt 0:00:57] Inhibits Nf2+.} Qb2 32. Bh4 Rd7 (32... Qxa2 33. Ra1 Qb2 34. Rab1 Qxb1 35. Rxb1 $11) 33. Rb1 Nc3 {[%emt 0:03:33] Black is much more active.} ({Better is} 33... Qxa2 $17 {And now ...Nc3 would win.} 34. Ra1 Qb2) 34. Rxb2 $15 Nxe2 (34... axb2 35. Qd2 b1=Q 36. Rxb1 Nxb1 37. Qe1 $14) 35. Rb3 (35. Rxb7 Rxb7 36. Ba6 (36. Bxe2 $2 Rb2 $19) 36... Rcb8 $1 37. Bxb7 (37. Bxe2 $2 Rb2 $19) 37... Rxb7 $19) 35... Nxf4 36. Bb5 Rdc7 {[%emt 0:00:17] Threatens to win with ...d4.} 37. Bg5 Nh5 {[%emt 0:00:01] Hoping for ...d4.} 38. Bd2 (38. Rfb1 $1 $15) 38... d4 $17 39. Ba5 Re7 40. c4 {[%emt 0:00:00] Against Bd5} Ng7 (40... dxc3 $142 {...c2 is the strong threat.} 41. Rxc3 Nf4) 41. Ne1 {[%emt 0:04:31] [#]} Be4 $1 42. Rf4 {[%emt 0:01:02] [#]} Bf5 43. Bd2 g5 44. Rf1 h6 45. h3 Be4 46. Nd3 Bxd3 47. Rxd3 Nf5 48. Bc1 Ra7 49. Re1 Kg7 50. Re4 Ne3 51. Bxe3 $2 (51. Bd2) 51... dxe3 $19 {[%emt 0:00:03] Black is clearly winning.} 52. Kg1 Raa8 {[%emt 0:00:26] Strongly threatening ...Rd8.} 53. Kf1 Rd8 {[%emt 0:00:05] Weighted Error Value: White=0.33/Black=0.22 (precise)} 0-1

[Event "2nd Serbia Open Masters 2022"]
[Site "Novi Sad"]
[Date "2022.06.30"]
[Round "3.42"]
[White "Tancsa, Tamas"]
[Black "Assaubayeva, Bibisara"]
[Result "0-1"]
[ECO "B90"]
[WhiteElo "2091"]
[BlackElo "2439"]
[Annotator "TA"]
[PlyCount "68"]
[EventDate "2022.06.28"]
[EventType "swiss"]
[EventCountry "SRB"]
[SourceTitle "playchess.com"]
[Source "ChessBase"]
[SourceQuality "1"]
[TimeControl "40/5400+30:900+30"]

1. e4 c5 2. Nf3 d6 3. d4 cxd4 4. Nxd4 Nf6 5. Nc3 a6 6. f3 e5 7. Nb3 Be6 8. Be3 h5 9. Nd5 {[%emt 0:00:10] B90: Sicilian Najdorf: Unusual White 6th moves, 6 Be3 Ng4 and 6 Be3 e5.} Bxd5 10. exd5 Nbd7 11. Qd2 {[%emt 0:00:29] White is slightly better.} g6 12. O-O-O Nb6 13. Kb1 Nbxd5 14. Bg5 {[%emt 0:00:12] [#] Qxd5 is the strong threat.} Be7 $1 15. Na5 {[%emt 0:00:10] 15.Bd3 is a critical line.} O-O 16. Bc4 (16. g3 {is interesting.} Qb6 17. Bc4 Rac8 18. Bxd5 Nxd5 19. Bxe7 Nxe7 20. Qxd6 Qxa5 21. Qxe7 Qb5 22. Rd2) 16... Nb6 17. Bxf6 Bxf6 18. Qxd6 Nxc4 19. Nxc4 {[%emt 0:00:44] [#]} Qxd6 $146 ({Predecessor:} 19... Rc8 20. Nb6 Rc6 21. Qxd8 Rxd8 22. Nd7 Kg7 23. c3 Bg5 24. Kc2 Rc7 25. Nb6 Rc6 26. Rxd8 Bxd8 {½-½ (35) Sgherri,M (2366)-Mislin,R (2338) ICCF email 2014}) 20. Rxd6 Kg7 21. Nb6 Rad8 22. Rhd1 (22. Nd7 $11) 22... Rxd6 $17 23. Rxd6 {[%emt 0:00:03][%mdl 4096] Endgame [#] KRB-KRN} e4 $1 24. f4 (24. fxe4 $17 {was necessary.} Re8 25. Nd7 Rxe4 26. a3 Re1+ 27. Ka2) 24... e3 $19 25. Rd1 $2 (25. Kc1) 25... Rd8 26. Re1 Rd2 27. g3 Rxh2 {[%emt 0:02:13] Hoping for ...h4.} 28. c3 (28. Kc1 $142 Rh3 29. Nd5) 28... e2 29. Kc2 h4 30. g4 h3 {[%emt 0:00:05] Strongly threatening ...Bh4.} 31. g5 Bd8 32. Nd5 Rf2 {[%emt 0:00:18] White must now prevent ...h2.} 33. Ne3 h2 34. Rh1 e1=Q+ {[%emt 0:00:06] Weighted Error Value: White=0.90/Black=0.06 (flawless)} 0-1

[Event "2nd Serbia Open Masters 2022"]
[Site "Novi Sad"]
[Date "2022.06.30"]
[Round "3.43"]
[White "Mamedov, Edgar"]
[Black "Kilic, Eray"]
[Result "0-1"]
[ECO "D00"]
[WhiteElo "2004"]
[BlackElo "2192"]
[Annotator "RC"]
[PlyCount "50"]
[EventDate "2022.06.28"]
[EventType "swiss"]
[EventCountry "SRB"]
[SourceTitle "playchess.com"]
[Source "ChessBase"]
[SourceQuality "1"]
[TimeControl "40/5400+30:900+30"]

1. d4 Nf6 2. Bg5 d5 3. e3 c5 4. Bxf6 gxf6 5. dxc5 e6 6. Nf3 Bxc5 7. c4 dxc4 8. Nbd2 b6 9. Bxc4 O-O 10. a3 Bb7 11. O-O Kh8 12. Be2 Rg8 13. Nc4 Nd7 14. Rc1 a5 15. Qa4 Ne5 16. Ncxe5 fxe5 17. e4 Qf6 18. Rcd1 Qf4 19. Rd7 Bxe4 20. Rxf7 Rxg2+ 21. Kxg2 Rg8+ 22. Kh1 Bxf3+ 23. Bxf3 Qxa4 24. Re1 Bxf2 25. Rf1 Qc4 0-1